 Dungeon Crawl Stone Soup version 0.18.1-48-g4cf74bf (webtiles) character file.

390 Inkary the Covered (level 6, -2/57 HPs)
             Began as a Minotaur Fighter on Aug 25, 2016.
             Was a Follower of Okawaru.
             Slain by an ogre
             ... wielding a +0 giant club
              (17 damage)
             ... on level 4 of the Dungeon.
             The game lasted 00:04:56 (2339 turns).

Inkary the Covered (Minotaur Fighter)               Turns: 2339, Time: 00:04:57

Health: -2/57      AC:  7    Str: 21    XL:     6   Next: 50%
Magic:  5/5        EV:  9    Int:  5    God:    Okawaru [*.....]
Gold:   321        SH:  0    Dex: 11    Spells: 0 memorised, 5 levels left

rFire  . . .     SeeInvis .     a - +2 long sword
rCold  . . .     Gourm    .     b - +0 scale mail
rNeg   . . .     Faith    .     (no shield)
rPois  .         Spirit   .     (helmet restricted)
rElec  .         Dismiss  .     (no cloak)
rCorr  .         Reflect  .     (no gloves)
SustAt .         Harm     .     (no boots)
MR     .....                    (no amulet)
Stlth  ..........               (no ring)
                                (no ring)

@: not resistant to hostile enchantments, extremely unstealthy
A: retaliatory headbutt, horns 2
a: Heroism, Renounce Religion


You were on level 4 of the Dungeon.
You worshipped Okawaru.
Okawaru was aware of your devotion.
You were not hungry.

You visited 1 branch of the dungeon, and saw 4 of its levels.

You collected 321 gold pieces.

Inventory:

Hand Weapons
 a - a +2 long sword (weapon)
Armour
 b - a +0 scale mail (worn)
 c - a +0 shield
 w - a troll hide {Purgy}
Jewellery
 i - an uncursed amulet of the gourmand {unknown}
 l - an uncursed ring of resist corrosion {unknown}
Wands
 A - a wand of slowing (19/48)
Scrolls
 e - a scroll of teleportation
 h - a scroll of identify
 r - 2 scrolls of remove curse
Potions
 j - a potion of lignification {unknown}
 m - a potion of cancellation {unknown}
 q - a potion of degeneration {unknown}
 t - 4 potions of resistance
Books
 y - a book of Burglary

   Spells                             Type                      Level
   a - Swiftness                      Charms/Air                   2
   b - Passwall                       Transmutation/Earth          2
   c - Passage of Golubria            Translocation                4
   d - Lee's Rapid Deconstruction     Earth                        5
   e - Darkness                       Hexes                        6
   f - Invisibility                   Hexes                        6
Comestibles
 d - 3 slices of pizza
 f - 2 bread rations
 g - 6 chunks of flesh
 k - a meat ration
 s - 2 fruits
 z - 2 beef jerkies


   Skills:
 + Level 5.8 Fighting
 + Level 5.3 Long Blades
 + Level 5.9 Armour
 - Level 3.6 Shields


You had 5 spell levels left.
You didn't know any spells.

Dungeon Overview and Level Annotations

Branches:
Dungeon (4/15)
 Temple: D:4-7

Altars:
Nemelex Xobeh
Okawaru
Sif Muna


Innate Abilities, Weirdness & Mutations

You reflexively headbutt those who attack you in melee.
You have a pair of horns on your head.


Message History

You slash the ogre!
The ogre is heavily wounded.
The ooze hits you.
* * * LOW HITPOINT WARNING * * *
You are too injured to fight recklessly!
You are too injured to fight recklessly!
You are too injured to fight recklessly!
You are too injured to fight recklessly!
You are too injured to fight recklessly!
You are too injured to fight recklessly!
You are too injured to fight recklessly!
You are too injured to fight recklessly!
You are too injured to fight recklessly!
You are too injured to fight recklessly!
You are too injured to fight recklessly!
You are too injured to fight recklessly!
You are too injured to fight recklessly!
Unknown command.
The ogre hits you with a giant club!
You die...

#...>.........##.#........#
#.............##.#.###.####
#........####.##.#.# #...#
##..............#.#.###.#.#
..#######.................#
..# #.......##..####### ..#
........##..# ..#
...#........# ..#
#.#..@...# ..# #.O##.## ..#
#.J....... ### #.........
.?........# ..$##......# #
.... ####### # ..... #
......


You could see an ogre and an ooze.

Vanquished Creatures
  Purgy (D:3)
  A hound (D:4)
  Ijyb (D:3)
  Terence (D:2)
  A worker ant (D:4)
  Robin (D:2)
  8 adders
  2 oozes
  3 giant geckos
  An orc (D:3)
  16 goblins
  13 hobgoblins
  3 jackals (D:2)
  14 kobolds
  3 quokkas
  2 ball pythons
  8 bats
  8 giant newts
  8 rats
95 creatures vanquished.

Vanquished Creatures (others)
  2 plants (D:1)
2 creatures vanquished.

Grand Total: 97 creatures vanquished

Notes
Turn   | Place    | Note
--------------------------------------------------------------
     0 | D:1      | Inkary the Minotaur Fighter began the quest for the Orb.
     0 | D:1      | Reached XP level 1. HP: 19/19 MP: 0/0
    80 | D:1      | Reached XP level 2. HP: 27/27 MP: 1/1
   865 | D:2      | Reached XP level 3. HP: 27/33 MP: 2/2
   880 | D:2      | Found an iron altar of Okawaru.
   905 | D:2      | Became a worshipper of Warmaster Okawaru
  1116 | D:2      | Noticed Robin
  1130 | D:2      | Reached XP level 4. HP: 37/41 MP: 3/3
  1147 | D:2      | Killed Robin
  1178 | D:2      | Found a deep blue altar of Sif Muna.
  1234 | D:2      | Noticed Terence
  1241 | D:2      | Killed Terence
  1254 | D:2      | Found a sparkling altar of Nemelex Xobeh.
  1270 | D:2      | Reached skill level 5 in Armour
  1339 | D:2      | Reached XP level 5. HP: 35/47 MP: 4/4
  1354 | D:2      | Reached skill level 5 in Fighting
  1562 | D:3      | Noticed Purgy
  1577 | D:3      | Killed Purgy
  1577 | D:3      | Reached * piety under Okawaru
  1692 | D:3      | Reached XP level 6. HP: 55/56 MP: 5/5
  1749 | D:3      | Noticed Ijyb
  1761 | D:3      | Killed Ijyb
  1761 | D:3      | Reached skill level 5 in Long Blades
  2339 | D:4      | Slain by an ogre

Skill      XL: |  1  2  3  4  5  6 |
---------------+-------------------+-----
Fighting       | 4 5 |  5.8
Armour         | 4 5 |  5.9
Long Blades    | 3 4 5 |  5.3
Shields        | |  3.6

Action                   |  1- 3 |  4- 6 || total
-------------------------+-------+-------++-------
Melee: Long sword        |    89 |   145 ||   234
       Headbutt          |    10 |    25 ||    35
  Use: Potion            |       |     1 ||     1
       Scroll            |       |    12 ||    12
  Eat: Chunk             |     1 |     4 ||     5
Armor: Scale mail        |    63 |   105 ||   168
Dodge: Dodged            |    56 |    86 ||   142
